[gd_resource type="SpriteFrames" load_steps=20 format=2]

[ext_resource path="res://src/Enemy/Brigands/Brigand04/brigand04_idle.png" type="Texture" id=1]
[ext_resource path="res://src/Enemy/Brigands/Brigand04/brigand04_attack_up.png" type="Texture" id=2]
[ext_resource path="res://src/Enemy/Brigands/Brigand04/brigand04_walk_up.png" type="Texture" id=3]
[ext_resource path="res://src/Enemy/Brigands/Brigand04/brigand04_walk_down.png" type="Texture" id=4]
[ext_resource path="res://src/Enemy/Brigands/Brigand04/brigand04_attack_down.png" type="Texture" id=5]

[sub_resource type="AtlasTexture" id=1]
atlas = ExtResource( 5 )
region = Rect2( 0, 0, 32, 32 )

[sub_resource type="AtlasTexture" id=2]
atlas = ExtResource( 5 )
region = Rect2( 32, 0, 32, 32 )

[sub_resource type="AtlasTexture" id=3]
atlas = ExtResource( 5 )
region = Rect2( 64, 0, 32, 32 )

[sub_resource type="AtlasTexture" id=4]
atlas = ExtResource( 5 )
region = Rect2( 96, 0, 32, 32 )

[sub_resource type="AtlasTexture" id=5]
atlas = ExtResource( 2 )
region = Rect2( 0, 0, 32, 32 )

[sub_resource type="AtlasTexture" id=6]
atlas = ExtResource( 2 )
region = Rect2( 32, 0, 32, 32 )

[sub_resource type="AtlasTexture" id=7]
atlas = ExtResource( 2 )
region = Rect2( 64, 0, 32, 32 )

[sub_resource type="AtlasTexture" id=8]
atlas = ExtResource( 2 )
region = Rect2( 96, 0, 32, 32 )

[sub_resource type="AtlasTexture" id=9]
atlas = ExtResource( 1 )
region = Rect2( 0, 0, 32, 32 )

[sub_resource type="AtlasTexture" id=10]
atlas = ExtResource( 1 )
region = Rect2( 32, 0, 32, 32 )

[sub_resource type="AtlasTexture" id=11]
atlas = ExtResource( 4 )
region = Rect2( 0, 0, 32, 32 )

[sub_resource type="AtlasTexture" id=12]
atlas = ExtResource( 4 )
region = Rect2( 32, 0, 32, 32 )

[sub_resource type="AtlasTexture" id=13]
atlas = ExtResource( 3 )
region = Rect2( 0, 0, 32, 32 )

[sub_resource type="AtlasTexture" id=14]
atlas = ExtResource( 3 )
region = Rect2( 32, 0, 32, 32 )

[resource]
animations = [ {
"frames": [ SubResource( 1 ), SubResource( 2 ), SubResource( 3 ), SubResource( 4 ) ],
"loop": true,
"name": "attack_down",
"speed": 3.0
}, {
"frames": [ SubResource( 5 ), SubResource( 6 ), SubResource( 7 ), SubResource( 8 ) ],
"loop": true,
"name": "attack_up",
"speed": 3.0
}, {
"frames": [ SubResource( 9 ), SubResource( 10 ) ],
"loop": true,
"name": "idle",
"speed": 3.0
}, {
"frames": [ SubResource( 11 ), SubResource( 12 ) ],
"loop": true,
"name": "walk_down",
"speed": 3.0
}, {
"frames": [ SubResource( 13 ), SubResource( 14 ) ],
"loop": true,
"name": "walk_up",
"speed": 3.0
} ]
